 Dungeon Crawl Stone Soup version 0.25.1-11-g244df3a29b (webtiles) character file.

Game seed: 17276609968751335710

1998 sircluck the Grappler (level 9, -4/83 HPs)
             Began as a Troll Fighter on Jan 29, 2023.
             Engulfed by a cloud of flame (15 damage)
             ... on level 6 of the Dungeon on Feb 7, 2023.
             The game lasted 00:10:57 (4779 turns).

sircluck the Grappler (Troll Fighter)               Turns: 4779, Time: 00:10:57

Health: -4/83      AC:  6    Str: 29    XL:     9   Next: 2%
Magic:  8/8        EV: 10    Int:  4    God:
Gold:   218        SH: 10    Dex:  9    Spells: 8/8 levels left

rFire    . . .     SeeInvis .     - Unarmed
rCold    . . .     Gourm    +   b - +0 kite shield
rNeg     . . .     Faith    .   a - +0 robe
rPois    .         Spirit   .   (helmet restricted)
rElec    .         Reflect  .   (no cloak)
rCorr    .         Harm     .   (gloves unavailable)
MR       .....                  (boots unavailable)
Stlth    +.........             (no amulet)
HPRegen  0.63/turn              (no ring)
MPRegen  0.11/turn              (no ring)

@: no status effects
A: large, unfitting armour, claws 3, fast metabolism 3, gourmand, regeneration
1, shaggy fur 1, tough skin 3
a: no special abilities


You were on level 6 of the Dungeon.
You were very full.

You visited 1 branch of the dungeon, and saw 6 of its levels.

You collected 218 gold pieces.

Inventory:

Hand Weapons
 h - a +2 whip of distortion
 j - a +2 dagger of speed
 p - a +0 hunting sling
 v - a +0 shortbow
Missiles
 q - 53 sling bullets
 w - 153 arrows
Armour
 a - a +0 robe (worn)
 b - a +0 kite shield (worn)
 x - a +0 pair of gloves
Jewellery
 C - a cursed ring of fire {unknown}
Wands
 A - a wand of disintegration (14)
 E - a wand of acid (7)
Scrolls
 f - 6 scrolls of enchant weapon {unknown}
 g - 2 scrolls of fear {unknown}
 l - 5 scrolls of identify {unknown}
 n - 5 scrolls of remove curse {unknown}
 o - a scroll of magic mapping {unknown}
 r - 4 scrolls of teleportation {unknown}
 u - a scroll of noise {unknown}
 y - a scroll of blinking {unknown}
 z - 3 scrolls of amnesia {unknown}
 B - a scroll of random uselessness {unknown}
Potions
 c - 3 potions of might
 e - 2 potions of invisibility {unknown}
 i - a potion of curing {unknown}
 k - a potion of brilliance {unknown}
 m - 2 potions of lignification {unknown}
 s - 2 potions of heal wounds {unknown}
 t - a potion of ambrosia {unknown}
Comestibles
 d - 8 rations
 D - a chunk of flesh


   Skills:
 + Level 3.3 Fighting
 + Level 4.8 Dodging
 + Level 1.2 Stealth
 + Level 5.3 Shields
 + Level 8.4 Unarmed Combat


You had 8 spell levels left.
You didn't know any spells.
Your spell library contained the following spells:

 Spells                   Type           Power        Failure   Level  Hunger
 Corona                   Hex            #......      77%         1    ##.....
 Ensorcelled Hibernation  Hex/Ice        #.....       88%         2    ###....
 Confusing Touch          Hex            #.......     98%         3    ####...
 Dazzling Flash           Conj/Hex       #.....       98%         3    ####...
 Tukima's Dance           Hex            #.......     98%         3    ####...


Dungeon Overview and Level Annotations

Branches:
Dungeon (6/15)             Temple (0/1) D:6

Altars:
Zin

Shops:
D:4 ?


Innate Abilities, Weirdness & Mutations

You are too large for most types of armour.
You have claws for hands.
Your metabolism is lightning-fast.
You like to eat raw meat.
Your natural rate of healing is unusually fast.
You are covered in fur. (AC +1)
You have extremely tough skin. (AC +3)


Message History

[Y]es or [N]o only, please.
Really walk into a travel-excluded area? [Y]es or [N]o only, please.
Really walk into a travel-excluded area? [Y]es or [N]o only, please.
Really walk into a travel-excluded area? [Y]es or [N]o only, please.
Really walk into a travel-excluded area? [Y]es or [N]o only, please.
Really walk into a travel-excluded area? [Y]es or [N]o only, please.
Really walk into a travel-excluded area? [Y]es or [N]o only, please.
Really walk into a travel-excluded area? [Y]es or [N]o only, please.
Really walk into a travel-excluded area?
You are engulfed in blazing flames.
* * * LOW HITPOINT WARNING * * *
You are engulfed in blazing flames.
You die...

#.................8.#
#>..................#
#.................8##
#.................##
#...........°.....#
#...........°.....#
#..☼.°..°.....○...#
#...............°.#
#..........@°.....#
###################


There were no monsters in sight!

Vanquished Creatures
  Menkaure (D:4)
  A phantom (D:4)
  3 ice beasts
  6 centaurs
  4 ogres
  2 bullfrogs (D:6)
  2 scorpions
  2 crimson imps (D:6)
  A hound (D:5)
  A bullfrog skeleton (D:5)
  Jessica (D:3)
  An iguana (D:5)
  2 worker ants
  A hound skeleton (D:5)
  A howler monkey zombie (D:6)
  13 adders
  A howler monkey skeleton (D:5)
  A river rat (D:4)
  An adder skeleton (D:4)
  3 worms
  2 dart slugs (D:3)
  5 leopard geckos
  9 orcs
  6 giant cockroaches
  7 hobgoblins
  4 jackals (D:4)
  2 quokkas (D:3)
  A ball python (D:3)
  4 bats
  7 frilled lizards
  9 goblins
  10 kobolds
  A leopard gecko skeleton (D:4)
  2 quokka skeletons
  3 rats
120 creatures vanquished.

Notes
Turn   | Place    | Note
-------+----------+-------------------------------------------
     0 | D:1      | sircluck the Troll Fighter began the quest for the Orb.
     0 | D:1      | Reached XP level 1. HP: 22/22 MP: 0/0
   211 | D:1      | Reached XP level 2. HP: 29/29 MP: 1/1
   790 | D:2      | Reached XP level 3. HP: 31/36 MP: 2/2
   942 | D:2      | Reached skill level 3 in Unarmed Combat
  1194 | D:2      | Found a faded altar of an unknown god.
  1296 | D:2      | Found a glowing silver altar of Zin.
  1342 | D:3      | Reached XP level 4. HP: 44/44 MP: 3/3
  1701 | D:3      | Noticed Jessica
  1706 | D:3      | Killed Jessica
  1995 | D:3      | Reached XP level 5. HP: 52/52 MP: 4/4
  2125 | D:3      | Noticed a centaur
  2131 | D:3      | Killed a centaur
  2131 | D:3      | Reached skill level 4 in Unarmed Combat
  2298 | D:4      | Noticed Menkaure
  2308 | D:4      | Killed Menkaure
  2308 | D:4      | Reached XP level 6. HP: 11/59 MP: 5/5
  2549 | D:4      | Found Gedaabost's Magic Scroll Boutique.
  2571 | D:4      | Reached skill level 5 in Unarmed Combat
  2762 | D:4      | Reached XP level 7. HP: 59/66 MP: 6/6
  2937 | D:4      | Reached skill level 6 in Unarmed Combat
  3428 | D:5      | Entered Level 5 of the Dungeon
  3510 | D:5      | Reached XP level 8. HP: 37/75 MP: 7/7
  3855 | D:5      | Reached skill level 7 in Unarmed Combat
  3919 | D:5      | Reached skill level 5 in Shields
  4093 | D:6      | Reached skill level 1 in Stealth
  4148 | D:6      | Reached skill level 8 in Unarmed Combat
  4438 | D:6      | Reached XP level 9. HP: 83/83 MP: 8/8
  4580 | D:6      | Found a staircase to the Ecumenical Temple.
  4779 | D:6      | Engulfed by a cloud of flame

Illustrated notes

Levels and vault maps discovered:
D:1:      psy_arrival_radial02, layout_basic, minmay_bisected
D:2:      layout_rooms, nicolae_overflow_hidden_temple,
          chequers_ecumenical_altar_simple, first_ration,
          hangedman_decor_riveting
D:3:      layout_basic, uniq_jessica
D:4:      layout_loops_ring, serial_shops, nicolae_shop_behind_doors,
          gup_sewer_entry_spiral, kennysheep_path_1, st_stairs_4, uniq_menkaure
D:5:      layout_cave_pools
D:6:      layout_basic, lemuel_temple_firewalk_b, chequers_garden

Skill      XL: |  1  2  3  4  5  6  7  8 |
---------------+-------------------------+-----
Unarmed Combat | 3 4 5 6 8 |  8.4
Shields        | 3 4 5 |  5.3
Dodging        | 3 4 |  4.8
Fighting       | 3 |  3.3
Stealth        | 1 |  1.2

Action                   |  1- 3 |  4- 6 |  7- 9 || total
-------------------------+-------+-------+-------++-------
Melee: Unarmed           |    95 |   130 |   178 ||   403
 Stab: Sleeping          |     1 |       |     2 ||     3
  Eat: Chunk             |    14 |    12 |    20 ||    46
       Ration            |     1 |       |       ||     1
Armor: Robe              |    67 |    44 |    46 ||   157
Dodge: Dodged            |    61 |    41 |    56 ||   158
Block: Kite shield       |    96 |    82 |    87 ||   265
